 Dungeon Crawl Stone Soup version 0.31-a0-702-gf82c85558f (webtiles) character file.

Game seed: 16188643509103524242

8652 ragingrage the Grappler (level 11, 0/89 HPs)
             Began as a Black Draconian Shapeshifter on Sept 8, 2023.
             Was a Follower of Ru.
             Slain by a cyclops (23 damage)
             ... on level 11 of the Dungeon.
             The game lasted 00:12:39 (12029 turns).

ragingrage the Grappler (DrSh)                     Turns: 12029, Time: 00:12:39

Health: 0/89       AC:  9    Str: 20    XL:     11   Next: 12%
Magic:  11/11      EV: 12    Int: 11    God:    Ru [*.....]
Gold:   1683       SH:  0    Dex: 11    Spells: 10/10 levels left

rFire   + .          .
                       - Unarmed
rCold   . . .        (shield currently unavailable)
rNeg    . . .        (body armour unavailable)
rPois   .            (helmet restricted)
rElec   +            (no cloak)
rCorr   .            I - +0 pair of gloves
SInv    .            H - +0 pair of boots
Will    .....        (no amulet)
Stlth   +            E - ring of flight
HPRegen 0.34/turn    g - ring of protection from fire
MPRegen 0.12/turn

%: no passive effects
@: flux-form, flying, glowing
A: glow, contaminating, breathe lightning, AC +7, unfitting armour, screaming 1,
electricity resistance, cold-blooded, unskilled 1
a: Breathe Lightning, Begin Untransformation, Renounce Religion


You were on level 11 of the Dungeon.
You worshipped Ru.
Ru was aware of your devotion.
You were something dangerously unstable.
You visited 2 branches of the dungeon, and saw 12 of its levels.
You also visited: Sewer and Bailey.

You collected 1683 gold pieces.

Inventory:

Hand Weapons
 D - the +10 arbalest of Guile {freeze, rElec Dex+3}
   (You took it off a goblin in a bailey)

   Dex+3:     It affects your dexterity (+3).
   rElec:     It insulates you from electricity.
Missiles
 f - 14 poisoned darts
 q - a curare-tipped dart
 C - 14 boomerangs (quivered)
Armour
 H - a +0 pair of boots (worn)
 I - a +0 pair of gloves (worn)
 J - the +0 cloak "Henojim" {Slay+4}
   (You found it on level 8 of the Dungeon)

   Slay+4:    It affects your accuracy & damage with ranged weapons and melee
   (+4).
Jewellery
 g - a ring of protection from fire (right hand)
 E - a ring of flight (left hand)
Talismans
 b - a beast talisman
 c - a flux talisman (active)
 l - a maw talisman
 z - a blade talisman
Wands
 m - a wand of polymorph (13)
 p - a wand of flame (35)
 G - a wand of iceblast (5)
Scrolls
 d - a scroll of acquirement
 e - 5 scrolls of teleportation
 h - a scroll of enchant armour {unknown}
 j - 4 scrolls of fog
 r - a scroll of enchant weapon {unknown}
 u - 2 scrolls of fear
 w - 4 scrolls of immolation
 x - a scroll of revelation {unknown}
 y - a scroll of vulnerability {unknown}
 B - 2 scrolls of poison {unknown}
 F - 2 scrolls of noise {unknown}
Potions
 i - a potion of curing {unknown}
 k - 4 potions of might
 n - 4 potions of enlightenment
 o - a potion of ambrosia {unknown}
 s - 2 potions of mutation
 t - a potion of cancellation
 v - a potion of berserk rage {unknown}
 A - 2 potions of heal wounds {unknown}
 K - a potion of brilliance {unknown}


   Skills:
 - Level 6.0 Fighting
 - Level 1.5 Dodging
 - Level 12.0 Unarmed Combat
 + Level 9.1 Shapeshifting


You had 10 spell levels left.
You didn't know any spells.
Your spell library contained the following spells:

 Spells                   Type           Power      Damage    Failure   Level
 Kiss of Death            Conj/Necr      0%         2d5       34%         1
 Scorch                   Fire           0%         2d5       47%         2
 Wereblood                Tmut           0%         N/A       47%         2
 Confusing Touch          Hex            0%         N/A       71%         3
 Frozen Ramparts          Ice            0%         1d1       71%         3
 Inner Flame              Hex/Fire       0%         N/A       71%         3
 Tukima's Dance           Hex            0%         N/A       71%         3
 Dispel Undead            Necr           0%         3d6       98%         4
 Flame Wave               Conj/Fire      0%         2d4       98%         4
 Passage of Golubria      Tloc           0%         N/A       98%         4
 Petrify                  Tmut/Erth      0%         N/A       98%         4
 Summon Lightning Spire   Summ/Air       0%         N/A       98%         4
 Irradiate                Conj/Tmut      0%         3d11      100%        5
 Lee's Rapid Deconstruct  Erth           0%         3d4*      100%        5
 Metabolic Englaciation   Hex/Ice        0%         N/A       100%        5
 Yara's Violent Unravell  Hex/Tmut       0%         3d3       100%        5
 Summon Cactus Giant      Summ           0%         N/A       100%        6
 Animate Armour           Summ/Erth      Unusable   N/A       N/A         4

Dungeon Overview and Level Annotations

Branches:
Dungeon (11/15)            Temple (1/1) D:4            Lair (0/5) D:8
  Sewer (visited)          Bailey (visited)
    Orc: D:9-12

Altars:
Ashenzari
Cheibriados
Dithmenos
Elyvilon
Fedhas
Gozag
Hepliaklqana
Kikubaaqudgha
Makhleb
Nemelex Xobeh
Okawaru
Qazlal
Ru
Sif Muna
Trog
Uskayaw
Vehumet
Wu Jian
Xom
Yredelemnul
Zin
The Shining One

Annotations:
D:2 1 runed translucent door, Crazy Yiuf
D:5 exclusion: upstairs
D:6 Maggie
D:9 2 transporters, garrulousMonolith's ghost, novice OpSh


Innate Abilities, Weirdness & Mutations

You are something dangerously unstable.
You glow with magical radiation, making you easy to see and hit.
Foes you strike become dangerously contaminated with magical radiation.
You are incapable of wielding weapons or throwing items.
You can breathe wild blasts of lightning.
Your glossy black scales are hard. (AC +7)
You cannot fit into any form of body armour.
You occasionally shout uncontrollably at your foes.
You are resistant to electric shocks. (rElec)
You are cold-blooded and may be slowed by cold attacks.
You are somewhat unskilled. (-1 Apt)


Message History

The unseen horror hits you.
The unseen horror hits you but does no damage.
You hit the unseen horror.
The unseen horror glows dangerously bright.
The unseen horror closely misses you.
You hit the unseen horror.
The unseen horror shudders as magic cascades through it!
The unseen horror twists and deforms.
Something hits you but does no damage.
You closely miss something.
The unseen horror stops glowing and disappears.
Something hits you.
* * * LOW HITPOINT WARNING * * *
Something hits you but does no damage.
You hit something.
The unseen horror begins to glow.
You tail-slap the unseen horror.
The unseen horror hits you but does no damage.
You barely miss the unseen horror. You tail-slap the unseen horror.
The unseen horror barely misses you.
You punch the unseen horror!
The unseen horror glows dangerously bright.
The unseen horror hits you.
* * * LOW HITPOINT WARNING * * *
The unseen horror hits you.
* * * LOW HITPOINT WARNING * * *
You punch the unseen horror!
You kill the unseen horror!
Reactivating autopickup.
Something hits you.
* * * LOW HITPOINT WARNING * * *
Deactivating autopickup; reactivate with Ctrl-A.
Your Shapeshifting skill increases to level 9!
You closely miss something.
Your tail-slap misses something.
Something hits you but does no damage.
You completely miss something. Something hits you but does no damage.
The cyclops throws a large rock.
You punch something!
Reactivating autopickup.
You feel a bit more experienced. The cyclops hits you!!
You die...

.... ....
.....#...
........C
.. .....
#. #...#
#. ...#
#. #..#
#.###[.#
#..BC..#
#####.##
#.# #.#
#.# #.#
#.. ###


You could see a cyclops.

Vanquished Creatures
  2 two-headed ogres
  An orc knight (Bailey)
  An elephant (D:8)
  2 unseen horrors (D:11)
  A troll (D:9)
  Grinder (D:6)
  A vampire (D:9)
  A wyvern (D:8)
  6 yaks (D:9)
  A basilisk (D:8)
  A vampire mosquito (D:11)
  Menkaure (D:7)
  An acid dragon (D:10)
  2 water moccasins
  A black bear (D:8)
  8 orc warriors
  2 ice beasts
  A sky beast (D:8)
  2 ogres (D:6)
  5 centaurs
  A phantom (D:6)
  2 kobold brigands
  A bullfrog (D:7)
  5 scorpions
  5 wights (D:8)
  5 killer bees
  4 howler monkeys
  A gnoll bouda (D:7)
  2 jellies (D:7)
  4 hounds
  6 orc priests
  Jessica (D:2)
  13 orc wizards
  A sleepcap (D:5)
  2 iguanas
  Robin (D:2)
  14 adders
  10 gnolls
  3 river rats (Sewer)
  5 shadow imps
  2 white imps
  2 worms
  A dart slug (D:3)
  30 orcs
  12 ball pythons
  6 endoplasms
  A giant cockroach (D:3)
  14 goblins
  7 hobgoblins
  4 jackals
  3 quokkas
  7 bats
  7 frilled lizards
  24 kobolds
  10 rats
257 creatures vanquished.

Notes
Turn   | Place    | Note
-------+----------+-------------------------------------------
     0 | D:1      | ragingrage the Draconian Shapeshifter began the quest for
                  | the Orb.
     0 | D:1      | Reached XP level 1. HP: 16/16 MP: 1/1
   253 | D:1      | Reached XP level 2. HP: 18/23 MP: 2/2
   842 | D:2      | Found a runed translucent door.
   843 | D:2      | Noticed Crazy Yiuf
   897 | D:2      | Noticed Robin
  1057 | D:2      | Reached XP level 3. HP: 28/29 MP: 3/3
  1139 | D:2      | Killed Robin
  1248 | D:3      | Found an ornate altar of the Wu Jian Council.
  1362 | D:3      | Found a glowing drain.
  1366 | Sewer    | Entered a sewer
  1382 | Sewer    | Noticed a kobold brigand
  1385 | Sewer    | Reached skill level 4 in Unarmed Combat
  1397 | Sewer    | Killed a kobold brigand
  1398 | Sewer    | Reached XP level 4. HP: 28/37 MP: 4/4
  1398 | Sewer    | Reached XP level 5. HP: 32/42 MP: 5/5
  1830 | Sewer    | Reached skill level 5 in Unarmed Combat
  2895 | D:2      | Noticed Jessica
  2935 | D:2      | Killed Jessica
  3100 | D:2      | Reached XP level 6. HP: 51/51 MP: 6/6
  3617 | D:4      | Found a staircase to the Ecumenical Temple.
  3622 | Temple   | Entered the Ecumenical Temple
  3629 | Temple   | Became a worshipper of Ru the Awakened
  3809 | D:4      | Reached skill level 6 in Unarmed Combat
  3943 | D:4      | Your scales start taking on a glossy black colour.
  3943 | D:4      | Reached XP level 7. HP: 55/57 MP: 7/7
  3943 | D:4      | Gained mutation: You are resistant to electric shocks.
                  | (rElec) [Black Draconian growth]
  4263 | D:5      | Entered Level 5 of the Dungeon
  4282 | D:5      | Found a hide-covered altar of Uskayaw.
  4297 | D:5      | Found a white marble altar of Elyvilon.
  4764 | D:5      | Reached skill level 7 in Unarmed Combat
  4764 | D:5      | Reached skill level 5 in Shapeshifting
  4790 | D:5      | Gained mutation: You occasionally shout uncontrollably at
                  | your foes. [Ru sacrifice]
  5463 | D:6      | Noticed Grinder
  5498 | D:6      | Paralysed by Grinder for 5 turns
  5623 | D:6      | Reached XP level 8. HP: 43/63 MP: 8/8
  5737 | D:6      | Killed Grinder
  5738 | D:6      | Reached skill level 8 in Unarmed Combat
  5843 | D:6      | Identified the +1 robe "Hogipu" {rPois Int+3 Dex-2}
  6152 | D:6      | Reached skill level 9 in Unarmed Combat
  6484 | D:6      | Noticed Maggie
  6677 | D:7      | Found a flagged portal.
  6815 | Bailey   | Entered a bailey
  6822 | Bailey   | Noticed an orc knight
  7046 | Bailey   | Identified the +10 arbalest of Guile {freeze, rElec Dex+3}
  7087 | Bailey   | Reached XP level 9. HP: 42/71 MP: 9/9
  7314 | Bailey   | Killed an orc knight
  7315 | Bailey   | Reached skill level 10 in Unarmed Combat
  7331 | Bailey   | Reached skill level 5 in Fighting
  7426 | Bailey   | Got the Compendium of Shadowy Lava
  7602 | D:7      | Identified 2 scrolls of acquirement
  7622 | D:7      | Reached skill level 11 in Unarmed Combat
  7748 | D:7      | Acquired 1171 gold pieces
  8126 | D:7      | Gained mutation: You are somewhat unskilled. (-1 Apt) [Ru
                  | sacrifice]
  8126 | D:7      | Reduced skill Unarmed Combat to level 10
  8126 | D:7      | Reached * piety under Ru
  8484 | D:7      | Noticed Menkaure
  8490 | D:7      | Killed Menkaure
  9077 | D:8      | Found a staircase to the Lair.
  9077 | D:8      | Noticed an elephant
  9087 | D:8      | Reached skill level 11 in Unarmed Combat
  9087 | D:8      | Reached XP level 10. HP: 73/80 MP: 10/10
  9093 | D:8      | Killed an elephant
  9888 | D:8      | Noticed a two-headed ogre
  9895 | D:8      | Killed a two-headed ogre
  9896 | D:8      | Reached skill level 5 in Fighting
 10118 | D:8      | Found a stormy altar of Qazlal.
 10177 | D:8      | Identified the +0 cloak "Henojim" {Slay+4}
 10732 | D:9      | Reached skill level 12 in Unarmed Combat
 11102 | D:9      | Found a transporter.
 11166 | D:9      | Noticed garrulousMonolith's ghost (novice OpSh)
 11166 | D:9      | Noticed a five-headed hydra
 11280 | D:9      | Found a transporter.
 11361 | D:9      | Noticed a two-headed ogre
 11656 | D:9      | Killed a two-headed ogre
 11657 | D:9      | Reached XP level 11. HP: 78/89 MP: 11/11
 11950 | D:10     | Entered Level 10 of the Dungeon
 11976 | D:10     | Noticed a deep elf pyromancer
 11978 | D:10     | Noticed a deep elf zephyrmancer
 12029 | D:11     | Slain by a cyclops

Illustrated notes

Levels and vault maps discovered:
D:1:      reono_arrival_forest_river, layout_basic, minmay_statues_item
D:2:      layout_basic, uniq_jessica, uniq_robin, uniq_crazy_yiuf_cottage
D:3:      layout_loops_ring, mainiacjoe_overflow_small_starburst,
          gup_sewer_entry_bowl
D:4:      layout_rooms, temple_doors_cd
D:5:      layout_cave_pods, mainiacjoe_overflow_large_starburst,
          nicolae_fountain_basement
D:6:      layout_basic, minmay_fractal_squares_diagonal_5, uniq_grinder,
          uniq_eustachio, uniq_maggie
D:7:      layout_layer_cave, enter_bailey_6, uniq_menkaure
D:8:      layout_loops_corners, amcnicky_altar_gilded, david_lair_generic
D:9:      layout_roguey, gammafunk_ghost_arena
D:10:     layout_basic, bh_hangedman_babel_library, uniq_amaemon
D:11:     minmay_the_grid_square_5x5_5x5_mashed
          [minmay_the_grid_square_5x5_bracketed,
          minmay_the_grid_square_5x5_inner_i, minmay_the_grid_square_5x5_n,
          minmay_the_grid_square_5x5_meh, minmay_the_grid_square_5x5_inset,
          minmay_the_grid_square_5x5_doubleslash,
          minmay_the_grid_square_5x5_prize_pseudospiral,
          minmay_the_grid_square_5x5_misaligned,
          minmay_the_grid_square_5x5_prize_rear_guard,
          minmay_the_grid_square_5x5_six, minmay_the_grid_square_5x5_fat_x,
          minmay_the_grid_square_5x5_bridge,
          minmay_the_grid_square_5x5_prize_itemx,
          minmay_the_grid_square_5x5_forky,
          minmay_the_grid_square_5x5_tri_point,
          minmay_the_grid_square_5x5_inverted_slash,
          minmay_the_grid_square_5x5_prize_junk,
          minmay_the_grid_square_5x5_two_walls_b,
          minmay_the_grid_square_5x5_prize_deathbox,
          minmay_the_grid_square_5x5_checkered_sparse,
          minmay_the_grid_square_5x5_trominoes,
          minmay_the_grid_square_5x5_intrusive_squares,
          minmay_the_grid_square_5x5_hourglass,
          minmay_the_grid_square_5x5_spiral_small,
          minmay_the_grid_square_5x5_sharp_hourglass], layout_loops_cross,
          orc_0_dummy, gauntlet_entry_generic
Temple:   nicolae_temple_no_exploring_needed

Skill      XL: |  1  2  3  4  5  6  7  8  9 10 11 |
---------------+----------------------------------+-----
Fighting       | 2 3 4 6 |  6.0
Unarmed Combat | 4 5 6 7 9 11 12 | 12.0
Shapeshifting  | 4 5 7 6 8 9 |  9.1
Dodging        | |  1.5

Action                     |  1- 3 |  4- 6 |  7- 9 | 10-12 || total
---------------------------+-------+-------+-------+-------++-------
  Melee: Unarmed           |   109 |   199 |   271 |   228 ||   807
         Tailslap          |    10 |    20 |    34 |    45 ||   109
         Punch             |     2 |     4 |     8 |     1 ||    15
   Fire: Arbalest          |       |       |    22 |       ||    22
  Throw: Dart              |       |       |     3 |       ||     3
         Boomerang         |       |       |     7 |       ||     7
 Invoke: Sacrifice Purity  |       |       |     1 |       ||     1
         Sacrifice Skill   |       |       |     1 |       ||     1
Ability: Breathe Lightning |       |       |     7 |     1 ||     8
  Evoke: Wand              |       |       |     1 |       ||     1
    Use: Scroll            |       |       |     8 |     1 ||     9
         Potion            |       |       |       |     2 ||     2
   Stab: Sleeping          |       |     1 |       |       ||     1
 Armour: Skin              |    54 |   112 |   186 |   189 ||   541
  Dodge: Dodged            |    83 |   128 |   160 |   110 ||   481
   Form: Flux              |       |       |     2 |       ||     2
         Beast             |       |       |     1 |       ||     1

Table legend: (Time is in decaauts)
 A = Elapsed time spent in this place.
 B = Non-inter-level travel time spent in this place.
 C = Inter-level travel time spent in this place.
 D = Time resting spent in this place.
 E = Time spent auto-exploring this place.
 F = Levels seen in this place.
 G = Mean time per level.
                   A        B        C        D        E       F      G
               +--------+--------+--------+--------+--------+-----+--------+
         Total |  12125 |  11627 |    498 |   2439 |   6937 |  14 |  866.1 |
       Dungeon |  10108 |   9623 |    485 |   2037 |   5955 |  11 |  918.9 |
        Temple |     14 |      1 |     13 |      0 |      0 |   1 |   14.0 |
         Sewer |   1201 |   1201 |      0 |    218 |    718 |   1 | 1201.0 |
        Bailey |    801 |    801 |      0 |    184 |    264 |   1 |  801.0 |
               +--------+--------+--------+--------+--------+-----+--------+

Top non-repeatable levels by time:
     D:8: 1814 daAuts
     D:7: 1513 daAuts
   Sewer: 1201 daAuts
     D:6: 1197 daAuts
     D:5: 1173 daAuts
     D:2: 1133 daAuts
     D:9: 1125 daAuts
  Bailey: 801 daAuts
     D:3: 744 daAuts
     D:4: 692 daAuts
     D:1: 644 daAuts
    D:11: 37 daAuts
    D:10: 31 daAuts
  Temple: 14 daAuts
